 Dungeon Crawl Stone Soup version 0.28.0-43-g3370ac3207 (webtiles) character file.

Game seed: 16662794657361095721

244 issech the Cudgeller (level 5, -3/53 HPs)
             Began as a Troll Monk on Mar 18, 2022.
             Slain by a water moccasin (8 damage)
             ... on level 4 of the Dungeon.
             The game lasted 00:09:08 (3116 turns).

issech the Cudgeller (Troll Monk)                   Turns: 3116, Time: 00:09:08

Health: -3/53      AC:  6    Str: 19    XL:     5   Next: 83%
Magic:  4/4        EV: 11    Int:  6    God:
Gold:   129        SH:  0    Dex: 14    Spells: 4/4 levels left

rFire   . . .      SeeInvis .   q - +0 flail
rCold   . . .      Faith    .   (no shield)
rNeg    . . .      Spirit   .   t - +2 robe {Will+}
rPois   .          Reflect  .   (helmet restricted)
rElec   .          Harm     .   (no cloak)
rCorr   .          Rampage  .   (gloves unavailable)
Will    +....                   (boots unavailable)
Stlth   ++........              l - amulet of magic regeneration
HPRegen 0.97/turn               (no ring)
MPRegen 0.49/turn               (no ring)

@: lethally poisoned (-3 -> -4)
A: large, unfitting armour, claws 3, regeneration 1, shaggy fur 1, tough skin 1
a: no special abilities


You were on level 4 of the Dungeon.
You visited 1 branch of the dungeon, and saw 4 of its levels.

You collected 129 gold pieces.

Inventory:

Hand Weapons
 a - a +0 mace
 i - a +0 hunting sling
 q - a +0 flail (weapon)
 s - a +3 dagger
Missiles
 b - 2 boomerangs (quivered)
 c - 57 arrows
 d - 81 stones
 f - 11 javelins
 p - 27 sling bullets
Armour
 t - a +2 robe of willpower (worn)
Magical Staves
 k - a staff of earth
Jewellery
 l - an amulet of magic regeneration (around neck)
Wands
 r - a wand of digging (2)
Scrolls
 e - 2 scrolls of identify {unknown}
 n - a scroll of acquirement {unknown}
 o - a scroll of amnesia {unknown}
Potions
 g - a potion of flight {unknown}
 h - 2 potions of magic {unknown}
 j - a potion of mutation {unknown}
 m - 2 potions of degeneration {unknown}


   Skills:
 + Level 3.3 Fighting
 + Level 4.3 Maces & Flails
 + Level 3.5 Dodging
 + Level 1.3 Stealth


You had 4 spell levels left.
You didn't know any spells.
Your spell library was empty.

Dungeon Overview and Level Annotations

Branches:
Dungeon (4/15)
 Temple: D:4-7

Altars:
Elyvilon
Kikubaaqudgha
Vehumet
Wu Jian
Yredelemnul
Zin

Annotations:
D:3 2 transporters, Menkaure


Innate Abilities, Weirdness & Mutations

You are too large for most types of armour.
You have claws for hands.
Your natural rate of healing is unusually fast.
You are covered in fur. (AC +1)
You have tough skin. (AC +1)


Message History

The water moccasin is moderately wounded.
The water moccasin bites you. x2
You miss the water moccasin.
The water moccasin is moderately wounded.
The water moccasin bites you.
You hit the water moccasin.
The water moccasin is heavily wounded.
The water moccasin bites you. x2
You are poisoned.
The water moccasin poisons you!
You hit the water moccasin.
The water moccasin is severely wounded.
You feel very sick. The water moccasin bites you. x2
You barely miss the water moccasin.
The water moccasin is severely wounded.
You feel sick.
The water moccasin bites you but does no damage.
Unknown command.
You hit the water moccasin.
The water moccasin is severely wounded.
You feel sick.
The water moccasin bites you but does no damage.
The water moccasin bites you!
* * * LOW HITPOINT WARNING * * *
You hit the water moccasin but do no damage.
The water moccasin is severely wounded.
You feel sick. The water moccasin barely misses you.
The water moccasin bites you.
* * * LOW HITPOINT WARNING * * *
You closely miss the water moccasin.
The water moccasin is severely wounded.
You feel sick. The water moccasin bites you.
* * * LOW HITPOINT WARNING * * *
You miss the water moccasin. You claw the water moccasin!
The water moccasin is almost dead.
You feel sick. The water moccasin bites you.
* * * LOW HITPOINT WARNING * * *
The water moccasin bites you!
You die...

#.###.#####.##
#.. ##...##
#.#####..
##.##
#........ #.#
######... #.#
#>#. #.# #)#.
#)# #<#. ##)##
#.#. #@S.#
#...
#...........#
#...
###...#...#.#
#...
#...##.##.#
#.#. #.. #.# #
#.#. #.. #.#
#... ## #.#
#..


You could see a water moccasin.

Vanquished Creatures
  An orc priest (D:3)
  Terence (D:2)
  Ijyb (D:3)
  2 orc wizards
  An adder (D:2)
  A worm (D:3)
  3 dart slugs
  8 orcs
  12 bats
  10 endoplasms
  4 giant cockroaches (D:2)
  9 goblins
  4 hobgoblins
  7 kobolds
  8 quokkas
  2 ball pythons (D:1)
  2 frilled lizards (D:1)
  4 rats
80 creatures vanquished.

Notes
Turn   | Place    | Note
-------+----------+-------------------------------------------
     0 | D:1      | issech the Troll Monk began the quest for the Orb.
     0 | D:1      | Reached XP level 1. HP: 22/22 MP: 0/0
   104 | D:1      | Reached XP level 2. HP: 29/29 MP: 1/1
   159 | D:1      | Found a faded altar of an unknown god.
   460 | D:1      | Reached skill level 3 in Maces & Flails
   575 | D:1      | Reached XP level 3. HP: 36/36 MP: 2/2
  1003 | D:2      | Found a radiant altar of Vehumet.
  1268 | D:2      | Noticed Terence
  1332 | D:2      | Killed Terence
  1333 | D:2      | Reached XP level 4. HP: 22/44 MP: 3/3
  2076 | D:3      | Found a white marble altar of Elyvilon.
  2309 | D:3      | Found a transporter.
  2325 | D:3      | Noticed a necrophage
  2326 | D:3      | Found a transporter.
  2326 | D:3      | Found a basalt altar of Yredelemnul.
  2332 | D:3      | Noticed Menkaure
  2335 | D:3      | Noticed Ijyb
  2353 | D:3      | Found an ancient bone altar of Kikubaaqudgha.
  2376 | D:3      | Killed Ijyb
  2377 | D:3      | Reached XP level 5. HP: 45/53 MP: 4/4
  2527 | D:3      | Found a glowing silver altar of Zin.
  2705 | D:3      | Found a radiant altar of Vehumet.
  2863 | D:3      | Found an ornate altar of the Wu Jian Council.
  2871 | D:3      | Noticed a spectral centipede
  2871 | D:3      | Noticed a spectral black mamba
  2871 | D:3      | Noticed a spectral cane toad
  2974 | D:4      | Reached skill level 4 in Maces & Flails
  3105 | D:4      | Noticed a water moccasin
  3116 | D:4      | Slain by a water moccasin

Illustrated notes

Levels and vault maps discovered:
D:1:      lightli_arrival_statue_moat, layout_loops_ring,
          hellmonk_ecumenical_altar_crossroads, minmay_stone_trees_small,
          nicolae_concentric_dashed_squares_wild, minmay_three_crescents
D:2:      layout_loops_corners, basic_altar, uniq_terence
D:3:      layout_basic, gammafunk_temple_of_torment,
          pdpol_wu_jian_five_deadly_venoms, fiery_altar_vehumet,
          nicolae_elyvilon_peaceful_grove, zin_treasury,
          chequers_decorated_corner, uniq_ijyb
D:4:      layout_loops_ring, minmay_misc_feat_ornament, uniq_robin

Skill      XL: |  1  2  3  4  5 |
---------------+----------------+-----
Maces & Flails | 3 4 |  4.3
Dodging        | 3 |  3.5
Fighting       | 3 |  3.3
Stealth        | |  1.3

Action                   |  1- 3 |  4- 6 || total
-------------------------+-------+-------++-------
Melee: Mace              |   151 |    69 ||   220
       Punch             |     1 |     2 ||     3
       Flail             |       |   102 ||   102
Throw: Boomerang         |       |     2 ||     2
 Stab: Sleeping          |     3 |       ||     3
Armor: Robe              |    66 |    74 ||   140
Dodge: Dodged            |   104 |    89 ||   193
